 Dungeon Crawl Stone Soup version 0.30.1-4-g462c640d31 (webtiles) character file.

Game seed: 12903249784620395705

291 Babbit the Chopper (level 6, -6/55 HPs)
             Began as a Minotaur Fighter on Aug 14, 2023.
             Mangled by Duvessa
             ... wielding a +0 short sword
              (11 damage)
             ... on level 4 of the Dungeon.
             The game lasted 00:08:07 (2383 turns).

Babbit the Chopper (Minotaur Fighter)               Turns: 2383, Time: 00:08:07

Health: -6/55      AC:  7    Str: 22    XL:     6   Next: 10%
Magic:  14/14      EV: 10    Int:  5    God:
Gold:   170        SH:  6    Dex: 10    Spells: 5/5 levels left

rFire   . . .        a - +0 war axe
rCold   . . .        c - +2 buckler
rNeg    . . .        b - +0 scale mail
rPois   .            (helmet restricted)
rElec   .            (no cloak)
rCorr   .            (no gloves)
SInv    .            (no boots)
Will    .....        (no amulet) Stlth
                     q - ring of magical power
HPRegen 0.29/turn    (no ring)
MPRegen 0.14/turn

%: no passive effects
@: no status effects
A: horns 2, retaliatory headbutt
a: no special abilities


You were on level 4 of the Dungeon.
You visited 1 branch of the dungeon, and saw 4 of its levels.

You collected 170 gold pieces.

Inventory:

Hand Weapons
 a - a +0 war axe (weapon)
Missiles
 o - 4 boomerangs (quivered)
Armour
 b - a +0 scale mail (worn)
 c - a +2 buckler (worn)
Jewellery
 q - a ring of magical power (left hand)
Wands
 l - a wand of flame (19)
Scrolls
 f - a scroll of butterflies {unknown}
 h - a scroll of teleportation
 k - a scroll of identify
 p - a scroll of poison {unknown}
Potions
 d - a potion of might
 e - a potion of resistance
 g - a potion of invisibility
 i - a potion of haste
 j - a potion of curing
 m - a potion of heal wounds {unknown}
 n - a potion of flight {unknown}


   Skills:
 + Level 4.8 Fighting
 + Level 5.3 Axes
 + Level 4.9 Armour
 + Level 1.3 Dodging
 + Level 0.3 Stealth
 + Level 4.3 Shields


You had 5 spell levels left.
You didn't know any spells.
Your spell library contained the following spells:

 Spells                   Type           Power      Damage    Failure   Level
 Magic Dart               Conj           0%         1d3       85%         1
 Searing Ray              Conj           0%         2d4       94%         2
 Static Discharge         Conj/Air       0%         2-2/arc   94%         2
 Fulminant Prism          Conj/Hex       0%         3d5       100%        4
 Chain Lightning          Conj/Air       0%         N/A       100%        9
 Fire Storm               Conj/Fire      0%         5d1       100%        9


Dungeon Overview and Level Annotations

Branches:
Dungeon (4/15)
 Temple: D:4-7

Altars:
Cheibriados
Elyvilon

Annotations:
D:4 Duvessa


Innate Abilities, Weirdness & Mutations

You have a pair of horns on your head.
You reflexively headbutt those who attack you in melee.


Message History

The iguana bites you.
You slash the iguana!
You kill the iguana!
You see here 4 boomerangs.
o - 4 boomerangs Duvessa, Sister of Dowan comes into view.
She is wielding a +0 short sword.
Duvessa goes berserk!
You hit Duvessa. You headbutt Duvessa!
Duvessa is lightly wounded.
You block Duvessa's attack.
Duvessa hits you with a +0 short sword!!
You hit Duvessa.
Duvessa is lightly wounded.
You block Duvessa's attack. Duvessa closely misses you.
You hit Duvessa but do no damage.
Duvessa is lightly wounded.
Duvessa hits you with a +0 short sword. Duvessa hits you with a +0 short sword!
You slash Duvessa! You headbutt Duvessa!
Duvessa is heavily wounded.
Duvessa hits you with a +0 short sword!
* * * LOW HITPOINT WARNING * * *
Duvessa hits you with a +0 short sword.
* * * LOW HITPOINT WARNING * * *
You barely miss Duvessa. You headbutt Duvessa, but do no damage.
Duvessa is heavily wounded.
You block Duvessa's attack. Duvessa barely misses you.
You slash Duvessa!
Duvessa is severely wounded.
You block Duvessa's attack.
A worm comes into view.
You completely miss Duvessa. Your headbutt misses Duvessa.
Duvessa is severely wounded.
You block Duvessa's attack. Duvessa misses you.
You closely miss Duvessa.
Duvessa is severely wounded.
Duvessa barely misses you. You block Duvessa's attack.
You completely miss Duvessa. You headbutt Duvessa.
Duvessa is severely wounded.
Duvessa hits you with a +0 short sword!
You die...

##.......†.#.#####...##...
...##....###..## #.#..##
.######).# ##)(#
#.##..##.### ?## ##)## #.#
#..##<.....# ..## #..# #.#
##..####..... #..#####..#
##.####.... #...
##..>..#..###........## ..
##..........†...###.#
#..........###@# ..
#....#...#.# #e#
#....###.#..##.# ##.###
#..#.##.# #.# #..#.....
#.. #......w. ...
#.##...#. .. #.# #.. #.
#.# ..


You could see Duvessa (berserk) and a worm.

Vanquished Creatures
  Sigmund (D:2)
  An iguana (D:4)
  Robin (D:2)
  2 worms (D:3)
  3 dart slugs
  6 orcs (D:4)
  3 bats
  7 endoplasms
  3 giant cockroaches
  11 goblins
  12 hobgoblins
  4 quokkas
  8 ball pythons
  4 frilled lizards
  4 kobolds
  A rat (D:1)
71 creatures vanquished.

Vanquished Creatures (others)
  Dowan (D:4)
1 creature vanquished.

Grand Total: 72 creatures vanquished

Notes
Turn   | Place    | Note
-------+----------+-------------------------------------------
     0 | D:1      | Babbit the Minotaur Fighter began the quest for the Orb.
     0 | D:1      | Reached XP level 1. HP: 19/19 MP: 0/0
   209 | D:1      | Reached XP level 2. HP: 27/27 MP: 1/1
   216 | D:1      | Got the Quarto of Blasts
   361 | D:1      | Found a faded altar of an unknown god.
   834 | D:2      | Reached XP level 3. HP: 28/33 MP: 2/2
   936 | D:2      | Noticed Robin
   955 | D:2      | Killed Robin
   956 | D:2      | Reached skill level 3 in Axes
  1041 | D:2      | Found a white marble altar of Elyvilon.
  1136 | D:2      | Noticed Sigmund
  1143 | D:2      | Killed Sigmund
  1144 | D:2      | Reached skill level 4 in Axes
  1144 | D:2      | Reached skill level 1 in Dodging
  1144 | D:2      | Reached XP level 4. HP: 32/41 MP: 3/3
  1144 | D:2      | Reached XP level 5. HP: 37/47 MP: 4/4
  1159 | D:2      | Reached skill level 5 in Axes
  2042 | D:3      | Found a snail-covered altar of Cheibriados.
  2282 | D:4      | Reached XP level 6. HP: 47/55 MP: 5/5
  2308 | D:4      | Killed Dowan
  2370 | D:4      | Noticed Duvessa
  2383 | D:4      | Mangled by Duvessa

Illustrated notes

Levels and vault maps discovered:
D:1:      lightli_arrival_isolated_outpost, layout_basic,
          dreamdust_ecumenical_altar_statues
D:2:      layout_basic, basic_altar, uniq_robin, uniq_sigmund
D:3:      layout_rooms, cheibrodos_worm_habitat, minmay_misc_feat_four_crosses
D:4:      layout_rooms, nicolae_qazlal_scattered_showers, temple_statues,
          uniq_duvessa

Skill      XL: |  1  2  3  4  5 |
---------------+----------------+-----
Shields        | 4 |  4.3
Fighting       | 4 |  4.8
Armour         | 4 |  4.9
Axes           | 4 5 |  5.3
Dodging        | 1 |  1.3
Stealth        | |  0.3

Action                     |  1- 3 |  4- 6 || total
---------------------------+-------+-------++-------
  Melee: War axe           |    95 |    61 ||   156
         Headbutt          |    13 |    11 ||    24
    Use: Scroll            |     1 |     9 ||    10
 Armour: Scale mail        |    39 |    15 ||    54
  Dodge: Dodged            |    36 |    25 ||    61
  Block: Buckler           |    20 |    16 ||    36
